| TOP OF THE 1ST |
|
Hartford Yard Goats batting - Pitching for Greensboro Grasshoppers : LHP Mike Wasson
|
|
Pitching: LHP Mike Wasson
|
|
|
Batting: RHB Matviy Oliynyk
|
0-0: Called Strike 0-1: Foul Ball, location: 2F 0-2: Foul Ball, location: 2F 0-2: Ball 1-2: Foul Ball, location: 2F 1-2: Reached on error, E3 (Groundball, 34S, EV 84.4 MPH)
|
|
Batting: LHB Nick Martin
|
0-0: Ball 1-0: Ball 2-0: Ball 3-0: Base on Balls
|
|
Batting: RHB Ray Insley
|
0-0: Called Strike 0-1: Ball 1-1: Grounds into double play, 5-4-3 (Groundball, 56S, EV 87.5 MPH) Matviy Oliynyk to third
|
|
Batting: SHB Ken Griffey IV
|
0-0: Ball 1-0: Ball 2-0: Foul Ball, location: 2F 2-1: Foul Ball, location: 2F 2-2: Foul Ball, location: 2F 2-2: Ground out 4-3 (Groundball, 4, EV 85.0 MPH)
|
| Top of the 1st over - 0 runs, 0 hits, 1 error, 1 left on base; Hartford 0 - Greensboro 0 |
| BOTTOM OF THE 1ST |
|
Greensboro Grasshoppers batting - Pitching for Hartford Yard Goats : RHP Tsuneyoshi Kubo
|
|
Pitching: RHP Tsuneyoshi Kubo
|
|
|
Batting: RHB Rafael Irizarry
|
0-0: Called Strike 0-1: Ball 1-1: TRIPLE (Flyball, 89XD, EV 98.8 MPH)
|
|
Batting: LHB Jose Cabello
|
0-0: Called Strike 0-1: Foul Ball, location: 2F 0-2: Ball 1-2: Ball 2-2: Ball 3-2: Strikes out swinging
|
|
Batting: RHB Nate Crofts
|
0-0: Called Strike 0-1: Foul Ball, location: 2F 0-2: Hit by Pitch
|
|
Batting: LHB Ryan Karg
|
0-0: Foul Ball, location: 2F 0-1: Called Strike Nate Crofts steals 2nd base 0-2: Fly out, F4 (Popup, 4, EV 58.1 MPH)
|
|
Batting: RHB Larry LeFever
|
0-0: Ball 1-0: SINGLE (Groundball, 6MD, EV 97.5 MPH) Rafael Irizarry scores Nate Crofts to third
|
|
Batting: LHB Ryan Thompson
|
0-0: Swinging Strike 0-1: Ball 1-1: Ball 2-1: Foul Ball, location: 2F 2-2: SINGLE (Groundball, 25, EV 71.9 MPH) (infield hit) Nate Crofts scores Larry LeFever to second
|
|
Batting: RHB J.D. Vander Klok
|
0-0: Foul Ball, location: 2F 0-1: Ball 1-1: Ball 2-1: Foul Ball, location: 2F 2-2: Strikes out swinging
|
| Bottom of the 1st over - 2 runs, 3 hits, 0 errors, 2 left on base; Hartford 0 - Greensboro 2 |
| TOP OF THE 2ND |
|
Hartford Yard Goats batting - Pitching for Greensboro Grasshoppers : LHP Mike Wasson
|
|
Batting: RHB T.J. Williams
|
0-0: Reached on error, E5 (Groundball, 56S, EV 86.2 MPH)
|
|
Batting: RHB Juan Gallardo
|
0-0: Called Strike 0-1: Ball 1-1: Fly out, F8 (Line Drive, 78M, EV 109.4 MPH)
|
|
Batting: RHB Yamashita Yagi
|
0-0: Ball 1-0: Foul Ball, location: 2F 1-1: SINGLE (Groundball, 5D, EV 100.0 MPH) T.J. Williams to third Runner from 3rd tries for Home, SAFE, throw by LF to home
|
|
Batting: LHB Harry Folsom
|
0-0: Called Strike 0-1: Foul Ball, location: 2F 0-2: Ball 1-2: Ball 2-2: Ball 3-2: Foul Ball, location: 2F 3-2: Foul Ball, location: 2F 3-2: Fly out, F8 (Flyball, 8RS, EV 78.8 MPH)
|
|
Batting: RHB Bob Hayes
|
0-0: Ball 1-0: Foul Ball, location: 2F 1-1: Ball 2-1: Foul Ball, location: 2F 2-2: SINGLE (Flyball, 4D, EV 91.2 MPH) Yamashita Yagi to second
|
|
Batting: RHB Matviy Oliynyk
|
0-0: Ball 1-0: Ball Wild Pitch! Yamashita Yagi to third Bob Hayes to second 2-0: Fly out, F9 (Line Drive, 9, EV 92.5 MPH)
|
| Top of the 2nd over - 1 run, 2 hits, 1 error, 2 left on base; Hartford 1 - Greensboro 2 |
| BOTTOM OF THE 2ND |
|
Greensboro Grasshoppers batting - Pitching for Hartford Yard Goats : RHP Tsuneyoshi Kubo
|
|
Batting: RHB Dennis Coppolino
|
0-0: Foul Ball, location: 2F 0-1: Foul Ball, location: 2F 0-2: Ball 1-2: Foul Ball, location: 2F 1-2: Ball 2-2: Foul Ball, location: 2F 2-2: Ball 3-2: Ground out 6-3 (Groundball, 6, EV 103.1 MPH)
|
|
Batting: RHB Chris Alft
|
0-0: Foul Ball, location: 2F 0-1: Called Strike 0-2: Ball 1-2: Foul Ball, location: 2F 1-2: Foul Ball, location: 2F 1-2: Ball 2-2: Foul Ball, location: 2F 2-2: Strikes out swinging
|
|
Batting: RHB Rafael Irizarry
|
0-0: Foul Ball, location: 2F 0-1: Ball 1-1: Ball 2-1: Foul Ball, location: 2F 2-2: Foul Ball, location: 2F 2-2: Foul Ball, location: 2F 2-2: Foul Ball, location: 2F 2-2: Strikes out looking
|
| Bottom of the 2nd over - 0 runs, 0 hits, 0 errors, 0 left on base; Hartford 1 - Greensboro 2 |
| TOP OF THE 3RD |
|
Hartford Yard Goats batting - Pitching for Greensboro Grasshoppers : LHP Mike Wasson
|
|
Batting: LHB Nick Martin
|
0-0: Ground out 5-3 (Groundball, 5L, EV 84.4 MPH)
|
|
Batting: RHB Ray Insley
|
0-0: Ball 1-0: Called Strike 1-1: Foul Ball, location: 2F 1-2: Strikes out swinging
|
|
Batting: SHB Ken Griffey IV
|
0-0: Ball 1-0: Swinging Strike 1-1: Ball 2-1: Ball 3-1: Base on Balls
|
|
Batting: RHB T.J. Williams
|
0-0: Ball 1-0: Fielders Choice at 2nd, 4-6 (Groundball, 4MD, EV 90.6 MPH)
|
| Top of the 3rd over - 0 runs, 0 hits, 0 errors, 1 left on base; Hartford 1 - Greensboro 2 |
| BOTTOM OF THE 3RD |
|
Greensboro Grasshoppers batting - Pitching for Hartford Yard Goats : RHP Tsuneyoshi Kubo
|
|
Batting: LHB Jose Cabello
|
0-0: Ball 1-0: Ball 2-0: Ground out 6-3 (Groundball, 4M, EV 92.5 MPH)
|
|
Batting: RHB Nate Crofts
|
0-0: Called Strike 0-1: SINGLE (Line Drive, 8RS, EV 92.5 MPH)
|
|
Batting: LHB Ryan Karg
|
0-0: Ball 1-0: Fielders Choice at 2nd, 3-6 (Groundball, 3, EV 88.8 MPH)
|
|
Batting: RHB Larry LeFever
|
0-0: Called Strike 0-1: Ball 1-1: SINGLE (Groundball, 56, EV 98.1 MPH) Ryan Karg to second
|
|
Batting: LHB Ryan Thompson
|
0-0: Ball 1-0: Ball 2-0: Ball 3-0: Called Strike 3-1: Base on Balls Ryan Karg to third Larry LeFever to second
|
|
Batting: RHB J.D. Vander Klok
|
0-0: Swinging Strike 0-1: Ball 1-1: Swinging Strike 1-2: Strikes out looking
|
| Bottom of the 3rd over - 0 runs, 2 hits, 0 errors, 3 left on base; Hartford 1 - Greensboro 2 |
| TOP OF THE 4TH |
|
Hartford Yard Goats batting - Pitching for Greensboro Grasshoppers : LHP Mike Wasson
|
|
Batting: RHB Juan Gallardo
|
0-0: Called Strike 0-1: Swinging Strike 0-2: Strikes out swinging
|
|
Batting: RHB Yamashita Yagi
|
0-0: Called Strike 0-1: Foul Ball, location: 2F 0-2: Foul Ball, location: 2F 0-2: Ball 1-2: Fly out, F8 (Flyball, 78D, EV 92.5 MPH)
|
|
Batting: LHB Harry Folsom
|
0-0: Ball 1-0: Ball 2-0: Ball 3-0: Called Strike 3-1: Foul Ball, location: 2F 3-2: Strikes out swinging
|
| Top of the 4th over - 0 runs, 0 hits, 0 errors, 0 left on base; Hartford 1 - Greensboro 2 |
| BOTTOM OF THE 4TH |
|
Greensboro Grasshoppers batting - Pitching for Hartford Yard Goats : RHP Tsuneyoshi Kubo
|
|
Batting: RHB Dennis Coppolino
|
0-0: Foul Ball, location: 2F 0-1: Ball 1-1: Ground out 1-3 (Groundball, 13S, EV 75.0 MPH)
|
|
Batting: RHB Chris Alft
|
0-0: Ball 1-0: DOUBLE (Line Drive, 5D, EV 107.5 MPH)
|
|
Batting: RHB Rafael Irizarry
|
0-0: Ball 1-0: Swinging Strike 1-1: Ball 2-1: Foul Ball, location: 2F 2-2: Foul Ball, location: 2F 2-2: Ball 3-2: Strikes out looking
|
|
Batting: LHB Jose Cabello
|
0-0: Ball 1-0: Foul Ball, location: 2F 1-1: Swinging Strike 1-2: Foul Ball, location: 2F 1-2: Ball 2-2: Foul Ball, location: 2F 2-2: Ground out 4-3 (Groundball, 4, EV 81.9 MPH)
|
| Bottom of the 4th over - 0 runs, 1 hit, 0 errors, 1 left on base; Hartford 1 - Greensboro 2 |
| TOP OF THE 5TH |
|
Hartford Yard Goats batting - Pitching for Greensboro Grasshoppers : LHP Mike Wasson
|
|
Batting: RHB Bob Hayes
|
0-0: Ground out 6-3 (Groundball, 6M, EV 105.6 MPH)
|
|
Batting: RHB Matviy Oliynyk
|
0-0: Called Strike 0-1: Fly out, F9 (Flyball, 9LD, EV 88.8 MPH)
|
|
Batting: LHB Nick Martin
|
0-0: Ball 1-0: Called Strike 1-1: SINGLE (Groundball, 4MD, EV 109.4 MPH)
|
|
Batting: RHB Ray Insley
|
Pickoff Throw to First - Out! 1-3 CS
|
| Top of the 5th over - 0 runs, 1 hit, 0 errors, 0 left on base; Hartford 1 - Greensboro 2 |
| BOTTOM OF THE 5TH |
|
Greensboro Grasshoppers batting - Pitching for Hartford Yard Goats : RHP Tsuneyoshi Kubo
|
|
Pitching: RHP Curt De Kock
|
|
|
Batting: RHB Nate Crofts
|
0-0: Ball 1-0: Foul Ball, location: 2F 1-1: Ball 2-1: Foul Ball, location: 2F 2-2: Ball 3-2: Foul Ball, location: 2F 3-2: Base on Balls
|
|
Batting: LHB Ryan Karg
|
0-0: Called Strike 0-1: Swinging Strike 0-2: Foul Ball, location: 2F 0-2: Ball 1-2: Ball 2-2: Strikes out swinging
|
|
Batting: RHB Larry LeFever
|
0-0: Ball 1-0: Ball 2-0: Called Strike 2-1: SINGLE (Groundball, 4M, EV 104.4 MPH) (infield hit) Nate Crofts to second
|
|
Batting: LHB Ryan Thompson
|
0-0: Ball 1-0: Called Strike 1-1: Foul Ball, location: 2F 1-2: Foul Ball, location: 2F 1-2: Grounds into double play, 4-6-3 (Groundball, 4, EV 82.5 MPH)
|
| Bottom of the 5th over - 0 runs, 1 hit, 0 errors, 1 left on base; Hartford 1 - Greensboro 2 |
| TOP OF THE 6TH |
|
Hartford Yard Goats batting - Pitching for Greensboro Grasshoppers : LHP Mike Wasson
|
|
Batting: RHB Ray Insley
|
0-0: Ball 1-0: Foul Ball, location: 2F 1-1: Called Strike 1-2: Strikes out swinging
|
|
Batting: SHB Ken Griffey IV
|
0-0: Ball 1-0: Ground out 4-3 (Groundball, 4, EV 105.0 MPH)
|
|
Batting: RHB T.J. Williams
|
0-0: Called Strike 0-1: Ground out U3 (Groundball, 34, EV 78.8 MPH)
|
| Top of the 6th over - 0 runs, 0 hits, 0 errors, 0 left on base; Hartford 1 - Greensboro 2 |
| BOTTOM OF THE 6TH |
|
Greensboro Grasshoppers batting - Pitching for Hartford Yard Goats : RHP Curt De Kock
|
|
Batting: RHB J.D. Vander Klok
|
0-0: Ball 1-0: Foul Ball, location: 2F 1-1: Ball 2-1: SINGLE (Groundball, 4M, EV 106.2 MPH) (infield hit)
|
|
Batting: RHB Dennis Coppolino
|
0-0: Ball 1-0: Foul Ball, location: 2F 1-1: Grounds into double play, 5-4-3 (Groundball, 56, EV 103.8 MPH)
|
|
Pitching: RHP Lorenzo Pacheco
|
|
|
Batting: RHB Chris Alft
|
0-0: Ball 1-0: Ball 2-0: Foul Ball, location: 2F 2-1: SINGLE (Groundball, 4D, EV 106.2 MPH)
|
|
Batting: RHB Rafael Irizarry
|
0-0: Swinging Strike 0-1: Foul Ball, location: 2F 0-2: Strikes out looking
|
| Bottom of the 6th over - 0 runs, 2 hits, 0 errors, 1 left on base; Hartford 1 - Greensboro 2 |
| TOP OF THE 7TH |
|
Hartford Yard Goats batting - Pitching for Greensboro Grasshoppers : LHP Mike Wasson
|
|
Batting: RHB Juan Gallardo
|
0-0: Foul Ball, location: 2F 0-1: Ball 1-1: DOUBLE (Line Drive, 89XD, EV 108.8 MPH)
|
|
Pitching: RHP Joe Lynn
|
|
|
Batting: RHB Yamashita Yagi
|
0-0: Called Strike 0-1: Foul Ball, location: 2F 0-2: Ball 1-2: Ball 2-2: Ball 3-2: Strikes out swinging
|
|
Batting: LHB Harry Folsom
|
0-0: Ball 1-0: Ball Wild Pitch! Juan Gallardo to third 2-0: Ball 3-0: Called Strike 3-1: Base on Balls
|
|
Pinch Hitting: LHB Daniel Green
|
0-0: Called Strike 0-1: Swinging Strike 0-2: Strikes out swinging
|
|
Batting: RHB Matviy Oliynyk
|
0-0: Ball 1-0: Called Strike Harry Folsom is caught stealing 2nd base 2-4
|
| Top of the 7th over - 0 runs, 1 hit, 0 errors, 1 left on base; Hartford 1 - Greensboro 2 |
| BOTTOM OF THE 7TH |
|
Greensboro Grasshoppers batting - Pitching for Hartford Yard Goats : RHP Lorenzo Pacheco
|
|
Now at SS: Daniel Green
|
|
|
Batting: LHB Jose Cabello
|
0-0: Called Strike 0-1: Foul Ball, location: 2F 0-2: Strikes out looking
|
|
Batting: RHB Nate Crofts
|
0-0: Ball 1-0: Ball 2-0: Ball 3-0: Base on Balls
|
|
Batting: LHB Ryan Karg
|
0-0: Fly out, F7 (Flyball, 7LMF, EV 86.2 MPH)
|
|
Batting: RHB Larry LeFever
|
0-0: Ball 1-0: Ball 2-0: SINGLE (Groundball, 25, EV 74.4 MPH) (infield hit) Nate Crofts to second
|
|
Batting: LHB Ryan Thompson
|
0-0: Ball 1-0: Ball 2-0: Ball 3-0: Called Strike 3-1: Base on Balls Nate Crofts to third Larry LeFever to second
|
|
Batting: RHB J.D. Vander Klok
|
0-0: Ball 1-0: Ground out 5-3 (Groundball, 56S, EV 91.2 MPH)
|
| Bottom of the 7th over - 0 runs, 1 hit, 0 errors, 3 left on base; Hartford 1 - Greensboro 2 |
| TOP OF THE 8TH |
|
Hartford Yard Goats batting - Pitching for Greensboro Grasshoppers : RHP Joe Lynn
|
|
Batting: RHB Matviy Oliynyk
|
0-0: Ball 1-0: Called Strike 1-1: SINGLE (Line Drive, 8LS, EV 109.4 MPH)
|
|
Batting: LHB Nick Martin
|
0-0: Bunt missed! 0-1: Sac Bunt to 2R - play at first, batter OUT! 2-3 Matviy Oliynyk to second
|
|
Batting: RHB Ray Insley
|
0-0: Foul Ball, location: 2F 0-1: Called Strike 0-2: Ball 1-2: Strikes out looking
|
|
Batting: SHB Ken Griffey IV
|
0-0: SINGLE (Line Drive, 78S, EV 95.0 MPH) Matviy Oliynyk to third Runner from 3rd tries for Home, SAFE, throw by LF to home
|
|
Batting: RHB T.J. Williams
|
0-0: Ball 1-0: Ball Ken Griffey IV is caught stealing 2nd base 2-4
|
| Top of the 8th over - 1 run, 2 hits, 0 errors, 0 left on base; Hartford 2 - Greensboro 2 |
| BOTTOM OF THE 8TH |
|
Greensboro Grasshoppers batting - Pitching for Hartford Yard Goats : RHP Lorenzo Pacheco
|
|
Pitching: RHP Logan Ramsey
|
|
|
Pinch Hitting: LHB Justin Blakely
|
0-0: SINGLE (Groundball, 6MD, EV 105.0 MPH)
|
|
Batting: RHB Chris Alft
|
0-0: Grounds into double play, 6-4-3 (Groundball, 6, EV 93.1 MPH)
|
|
Batting: RHB Rafael Irizarry
|
0-0: Swinging Strike 0-1: Ground out 5-3 (Groundball, 56, EV 86.2 MPH)
|
| Bottom of the 8th over - 0 runs, 1 hit, 0 errors, 0 left on base; Hartford 2 - Greensboro 2 |
| TOP OF THE 9TH |
|
Hartford Yard Goats batting - Pitching for Greensboro Grasshoppers : RHP Joe Lynn
|
|
Pitching: RHP Felix Moreno
|
|
|
Now at 2B: Nick Dunton
|
|
|
Batting: RHB T.J. Williams
|
0-0: Ball 1-0: Foul Ball, location: 2F 1-1: Swinging Strike 1-2: Strikes out swinging
|
|
Batting: LHB Jason Ryan
|
0-0: Ball 1-0: Ball 2-0: Ball 3-0: Base on Balls
|
|
Pinch Hitting: LHB Tom Bemis
|
0-0: Called Strike 0-1: Ball 1-1: Swinging Strike 1-2: Strikes out swinging
|
|
Batting: LHB Harry Folsom
|
0-0: Ball 1-0: Fly out, F8 (Flyball, 8RD, EV 100.0 MPH)
|
| Top of the 9th over - 0 runs, 0 hits, 0 errors, 1 left on base; Hartford 2 - Greensboro 2 |
| BOTTOM OF THE 9TH |
|
Greensboro Grasshoppers batting - Pitching for Hartford Yard Goats : RHP Logan Ramsey
|
|
Pitching: RHP Travis Palmisano
|
|
|
Now at C: Tom Bemis
|
|
|
Batting: LHB Jose Cabello
|
0-0: Swinging Strike 0-1: Swinging Strike 0-2: Ball 1-2: Strikes out swinging
|
|
Batting: RHB Nate Crofts
|
0-0: Ball 1-0: Called Strike 1-1: Foul Ball, location: 2F 1-2: Ground out 4-3 (Groundball, 4M, EV 103.8 MPH)
|
|
Batting: LHB Ryan Karg
|
0-0: Ball 1-0: Called Strike 1-1: SOLO HOME RUN (Flyball, 9D, EV 98.1 MPH), Distance : 404 ft
|
| Bottom of the 9th over - 1 run, 1 hit, 0 errors, 0 left on base; Hartford 2 - Greensboro 3 |
|